CelestiaIsmyWaifu, chaotic female vampiric Convict ---- -------- --- -------..-- ----- #*#*# ----.|..|.-- ----- --.---.--.|....|*#--...| *# * --..........--- --.|.--- |...............*#.....-- *# # |....--.......-- |......| ---- --.)%.........-- -.....-....* *##* |..-----.......---- ----|......----..| ---........... %...........----.--------------..........-....--.|....^.....| ...-.|.....--...%@0...........................................|--.......-- |..-........)......^.[---------------.-...............---- --.....-- .-......--..-......)..| ---- |...................- |......--- -...---......[(---..|--- --................0..####.........| # ---.---.......--.---...........--.|...-- -........| --------.-----.............---......-- --- --)(...| -----|.....[))................--- |.....^| --- --.-- |)....| |....|.-----.-------.|.......-- |.....-- ---.---...| ---0--- |......| # -----...--- |-....-- ----........-- --- --...--- # ----- |......---.|...---...| |..[----- -........|.....-- |..- |>.).--.-- 0#...............| ---- ---......| |....---......-- --.---.| --..-- --..|(-- --- --- ---- ------ CelestiaIsmyWaifu the Jail-bird Experience level: 7 Strength: 12 Dexterity: 11 Constitution: 20 Intelligence: 13 Wisdom: 11 Charisma: 8 Health: 0(78) Energy: 42(42) AC: 6 Gold: 602 Moves: 3293 Your Inventory: Coins $ - 602 gold pieces Weapons H - 9 uncursed [+0] arrows of fire Armor b - a cursed +0 striped shirt (being worn) d - an uncursed +0 iron skull cap [orcish helm] (being worn) n - an uncursed +1 hooded cloak [dwarvish] (being worn) I - an uncursed +0 pair of hard shoes of stealth [iron] (being worn) V - an [uncursed +0] leather cloak W - an [uncursed +1] pair of walking shoes [low] Scrolls e - an uncursed scroll labeled HACKEM MUCHE [of genocide] X - a [blessed] scroll of create monster Wands s - an uncursed wand of magic missile [0:5] K - an uncursed wand of striking [0:1] S - a [cursed] spiked wand [of light (0:11)] Gems q - an uncursed violet gem [worthless glass] t - an uncursed black gem [worthless glass] u - 2 uncursed white gems [worthless glass] v - 2 uncursed yellow gems [worthless glass] w - an uncursed yellowish brown gem [worthless glass] G - an uncursed orange gem [worthless glass] Spells known in the end: Name Level Category Fail Memory a - force bolt 1 attack 57% [||||||||] Your skills at the end: Fighting Skills Weapon Skills sling [Basic / Skilled] Spellcasting Skills Final Attributes: You were piously aligned. Hunger level was 773. Your alignment was 24 / 26. Monster difficulty range was 0 - 6. Level difficulty was 5. You were immune to poison. You were immune to level-drain. You were immune to sickness. You were punished. You were stealthy. You could fly. You could survive without air. You regenerated. Your luck was zero. You are dead. Vanquished creatures: a small mimic a watchman 2 wolves a dingo a raven a human zombie 3 Mordor orcs a shrieker 4 gnome lords a golden naga hatchling a gray ooze a kitten 7 dwarves a homunculus 2 hill orcs a rothe 3 giant bats 2 wererats 5 iguanas a hobbit 2 manes a large kobold 21 gnomes a gecko 2 foxes 2 goblins 2 sewer rats 3 grid bugs 7 lichens 4 newts 85 creatures vanquished. Voluntary challenges: You went without food. You never hit with a wielded weapon. You read items or engraved 2 times. You put on armor 10 times. You never genocided any monsters. You never polymorphed an object. You never changed form. You used no wishes. You abstained from Elbereth's help. You never encountered a bones level. You never used any Sokoban shortcuts. Dungeon overview: The Dungeons of Doom: levels 1 to 3 Level 1 (Vault) a fountain a long staircase Level 2 a fountain Level 3 a delicatessen, an altar to Tymora, a fountain stairs to The Gnomish Mines The Gnomish Mines: levels 4 to 6 Level 4 stairs to The Dungeons of Doom Level 5 <- You were here History has recorded: On T:1 you entered the Dungeons of Doom to retrieve the Amulet of Yendor! On T:761 you advanced to experience level 2. On T:768 you reached level 2 of The Dungeons of Doom. On T:1110 you reached level 3 of The Dungeons of Doom. On T:1169 you advanced to experience level 3. On T:1260 you advanced to experience level 4. On T:1303 you reached level 1 of The Gnomish Mines. On T:1334 you advanced to experience level 5. On T:1449 you advanced to experience level 6. On T:2073 you received a fireproof sling of reflection from Tymora. On T:2242 you advanced to experience level 7. On T:2540 you received a fireproof sling of stealth from Tymora. On T:3018 you reached level 3 of The Gnomish Mines. Latest messages: The wolf bites! [HP-5=11] You miss the wolf. (2x) The wolf bites! [HP-6=5] [HP+1=6] c - an uncursed heavy iron ball (chained to you). [HP+1=7] [HP+1=8] The wand misses the wolf. The wolf bites! [HP-6=2] You kill the wolf! The magic missile hits you! You die... Final status: Goodbye CelestiaIsmyWaifu the Convict... You died in The Gnomish Mines on dungeon level 5 with 3758 points, and 602 pieces of gold, after 3293 moves. You were level 7 with a maximum of 78 hit points when you died.